Map: Ruins of Endion

Players

capac - Winner!

  • Race: Terran Terran
  • League: Gold

A.I. 1 (Elite)

  • Race: Terran Terran

VOD

Have the link to the VOD?

Description

Time

  • Played on: April 17, 2016, 8:34 a.m.
  • Length: 14:17
Show
View Real Time Build Order
Export as new Build Order

capac Terran - Winner!

Build Orders: Reaper Expand, MMM Bio 

Get SALT Encoding   

  12  0:00  SCV  
  13  0:13  SCV  
  14  0:22  Supply Depot  
  14  0:28  SCV  
  15  0:44  SCV  
  15  0:49  Barracks  
  16  0:54  Refinery  
  16  0:56  SCV  
  17  1:12  SCV  
  18  1:24  SCV  
  19  1:37  Reaper  
  19  1:38  Orbital Command  
  20  1:42  Command Center  
  20  2:04  SCV  
  21  2:09  Marine  
  21  2:14  Supply Depot  
  22  2:22  Refinery  
  22  2:23  Factory  
  23  2:31  Barracks Reactor  
  23  2:35  SCV  
  23  2:54  SCV  
  23  2:55  Orbital Command  
  24  3:00  Barracks  
  24  3:06  SCV  
  24  3:11  Starport, Factory Reactor  
  25  3:16  Marine x2  
  25  3:18  SCV  
  25  3:19  Barracks  
  28  3:26  SCV  
  29  3:35  Marine x2  
  29  3:36  SCV  
  29  3:38  SCV  
  33  3:52  Marine  
  33  3:53  Marine  
  33  3:54  SCV x2  
  37  3:59  Supply Depot  
  38  4:04  Medivac x2  
  38  4:07  Barracks Tech Lab  
  38  4:08  Barracks Tech Lab  
  41  4:10  Marine  
  41  4:11  Barracks Reactor  
  41  4:16  SCV x2  
  44  4:20  Factory Tech Lab  
  44  4:23  Marine  
  45  4:26  Barracks  
  45  4:28  Barracks  
  45  4:29  Marine, Stimpack  
  45  4:30  Marine  
  47  4:41  SCV  
  47  4:42  SCV  
  49  4:49  Supply Depot  
  49  4:52  Marine x4  
  51  4:53  Marine  
  54  5:10  Marine x4, SCV x2  
  54  5:11  Marine  
  61  5:22  SCV  
  61  5:24  Barracks Reactor x2  
  61  5:26  Supply Depot  
  61  5:27  Supply Depot  
  62  5:34  Siege Tank, SCV  
  46  6:05  Marine  
  46  6:06  Marine x7  
  46  6:07  Marine  
  46  6:10  Siege Tank  
  58  6:11  SCV  
  58  6:12  SCV  
  58  6:15  Refinery  
  60  6:19  Medivac x2  
  60  6:23  Marine x3  
  60  6:24  Marine x6, SCV x2  
  75  6:27  Supply Depot  
  75  6:29  Supply Depot  
  75  6:33  Refinery  
  75  6:36  SCV x2  
  77  6:47  Siege Tank  
  77  6:48  SCV x2  
  77  6:53  Marine x6  
  77  6:54  Marine x3  
  89  7:00  SCV  
  92  7:04  Medivac  
  92  7:05  Medivac  
  96  7:08  Combat Shields  
  96  7:10  Marine  
  96  7:11  Marine x2  
  96  7:12  Supply Depot  
  96  7:13  Supply Depot  
  99  7:34  SCV  
  99  7:35  Marine, SCV  
  99  7:36  Marine x7  
  108  7:37  Marine  
  110  7:51  Command Center  
  110  8:02  Marine x4  
  110  8:03  Marine x4  
  118  8:13  Supply Depot  
  118  8:14  Supply Depot  
  118  8:17  Liberator x2  
  118  8:34  Marine x2  
  118  8:36  Marauder, Marine x3, Siege Tank  
  134  9:02  Marine  
  134  9:03  Marine x6  
  134  9:08  Marine x2  
  143  9:12  Supply Depot  
  143  9:14  Supply Depot  
  143  9:20  Marine x3  
  110  9:55  Liberator x2  
  105  10:00  Marine x6  
  105  10:01  Marine  
  110  10:10  Supply Depot, Marine x2  
  110  10:11  Supply Depot, Siege Tank  
  121  10:17  Marine  
  121  10:18  Marine  
  123  10:54  Marine x2  
  123  10:55  Marine x3  
  114  11:24  Siege Tank  
  110  11:27  Medivac x2  
  110  11:28  Marine x2  
  110  11:29  Marine x6  
  110  11:30  Marauder  
  124  11:56  Siege Tank  
  127  12:28  Siege Tank  
  125  13:00  Widow Mine  
  125  13:01  Liberator x2  
  124  13:14  Marine x2  
  124  13:15  Marine x6  
  124  13:16  Marauder  
  140  13:29  Siege Tank  
Show
View Real Time Build Order
Export as new Build Order

A.I. 1 (Elite) Terran 

Build Orders: Bio Tank 

Get SALT Encoding   

  12  0:00  SCV  
  13  0:13  SCV  
  14  0:19  Supply Depot  
  14  0:25  SCV  
  15  0:41  SCV  
  16  0:45  Barracks  
  16  0:53  SCV  
  17  1:05  SCV  
  18  1:11  Refinery  
  18  1:13  Supply Depot  
  18  1:17  SCV  
  19  1:29  SCV  
  20  1:33  Marine  
  21  1:43  Command Center  
  21  2:07  Barracks  
  22  2:08  SCV  
  22  2:12  Marine  
  22  2:15  Factory  
  23  2:20  SCV  
  24  2:26  Supply Depot  
  24  2:30  Marine  
  24  2:32  SCV  
  26  2:44  SCV  
  26  2:48  Marine  
  28  2:57  Orbital Command, SCV  
  29  3:00  Factory Tech Lab  
  29  3:04  Refinery  
  29  3:13  Orbital Command  
  29  3:15  Marine  
  29  3:18  Marine  
  31  3:24  SCV  
  32  3:32  Marine  
  33  3:36  Marine, SCV  
  33  3:38  SCV  
  36  3:45  Barracks  
  36  3:48  SCV  
  37  3:50  Marine, SCV  
  37  3:54  Barracks Tech Lab  
  39  4:00  Supply Depot, SCV  
  40  4:02  SCV  
  40  4:09  Barracks Tech Lab  
  41  4:12  Marine, SCV  
  41  4:15  SCV, Stimpack  
  44  4:17  Siege Tank  
  47  4:24  SCV  
  47  4:27  Marine, SCV, Combat Shields  
  47  4:30  Marine  
  51  4:32  Marine  
  51  4:35  Supply Depot  
  51  4:36  SCV  
  53  4:39  SCV  
  53  4:41  Supply Depot  
  53  4:45  Marine  
  55  4:48  SCV  
  55  4:49  Marauder  
  55  4:51  SCV  
  59  5:01  SCV  
  59  5:03  Engineering Bay, Marauder, SCV  
  63  5:10  Marauder  
  63  5:11  Engineering Bay  
  63  5:13  SCV  
  66  5:14  Command Center  
  66  5:17  Barracks Reactor  
  66  5:24  Marauder  
  66  5:25  SCV  
  66  5:26  SCV  
  70  5:30  Terran Infantry Weapons Level 1  
  70  5:31  Supply Depot  
  70  5:34  Marauder  
  72  5:37  Terran Infantry Armor Level 1, SCV  
  72  5:38  SCV  
  74  5:46  Marauder  
  74  5:47  Refinery  
  73  5:50  SCV  
  73  5:51  SCV  
  73  5:53  Marine x2  
  73  5:55  Marauder  
  65  6:02  SCV  
  64  6:04  Siege Tank  
  64  6:07  Marine  
  64  6:10  Marine, SCV  
  70  6:11  Marine  
  70  6:12  Refinery  
  70  6:14  SCV  
  70  6:16  Marauder  
  74  6:22  SCV  
  74  6:25  Marauder, Missile Turret  
  77  6:26  SCV  
  77  6:28  Marine, SCV  
  77  6:31  Marine  
  81  6:33  Concussive Shells  
  81  6:34  SCV  
  81  6:36  Siege Tank  
  81  6:37  Marine  
  81  6:38  SCV  
  87  6:40  SCV  
  87  6:46  Marine, SCV  
  90  6:48  Supply Depot  
  90  6:49  Marine  
  90  6:50  Marine, SCV  
  90  6:52  SCV  
  94  6:56  Marauder  
  94  6:59  SCV  
  97  7:03  SCV  
  97  7:04  Marauder  
  97  7:05  SCV  
  97  7:08  Missile Turret  
  101  7:10  Marine x2, Siege Tank  
  101  7:11  Supply Depot  
  101  7:15  SCV x2  
  108  7:17  SCV  
  109  7:23  Missile Turret  
  109  7:25  Missile Turret  
  109  7:28  Barracks  
  109  7:32  Starport, Orbital Command  
  109  7:33  SCV  
  110  7:38  Armory  
  110  7:39  SCV  
  110  7:40  Supply Depot  
  110  7:43  Marine  
  112  7:45  Marine, SCV  
  112  7:51  SCV  
  115  7:56  Missile Turret  
  115  8:00  Refinery  
  115  8:03  Marauder x2  
  115  8:04  Refinery, Siege Tank  
  122  8:06  Supply Depot  
  122  8:09  Starport Reactor  
  122  8:20  Missile Turret  
  122  8:22  SCV  
  123  8:27  Terran Infantry Weapons Level 2, SCV x2  
  123  8:30  Supply Depot  
  125  8:36  Siege Tank  
  125  8:37  Missile Turret  
  125  8:39  Missile Turret  
  127  8:42  Terran Vehicle Weapons Level 1  
  127  8:43  Missile Turret  
  127  8:45  Medivac  
  127  8:47  Missile Turret  
  129  8:55  Supply Depot  
  129  8:56  Armory  
  129  9:01  Medivac  
  131  9:04  Factory  
  131  9:06  Missile Turret  
  131  9:07  Widow Mine  
  133  9:11  Command Center  
  133  9:15  Medivac  
  135  9:18  Starport  
  135  9:20  Supply Depot  
  135  9:23  SCV  
  131  9:35  SCV  
  131  9:36  Widow Mine  
  131  9:38  SCV  
  122  9:40  Marine  
  122  9:42  Marine  
  122  9:43  Terran Vehicle And Ship Armor Level 1  
  122  9:45  Marine  
  111  9:47  Factory Tech Lab, Marine  
  109  9:55  Marauder, Starport Tech Lab  
  109  9:58  Marine  
  99  10:01  Marauder  
  99  10:02  Marine  
  99  10:05  Marine, Siege Tank  
  96  10:14  Command Center  
  96  10:16  Marine, Siege Tank  
  96  10:17  Marauder  
  96  10:20  Marine  
  103  10:21  Marine  
  104  10:38  SCV  
  104  10:40  Marauder, SCV  
  104  10:41  Command Center  
  110  10:42  Marauder  
  108  10:56  SCV  
  105  10:58  SCV  
  105  11:00  SCV  
  102  11:05  Marauder, Marine  
  102  11:09  SCV  
  102  11:10  Marine  
  102  11:11  Marine, SCV  
  95  11:13  SCV  
  95  11:17  Marine  
  87  11:21  SCV  
  87  11:23  Marine  
  87  11:25  SCV  
  84  11:26  Marine  
  84  11:29  Marine  
  84  11:30  Marine  
  83  11:33  SCV  
  83  11:35  Marauder  
  83  11:39  Command Center  
  82  11:43  Marine  
  77  11:51  Command Center  
  77  12:00  Command Center  
  63  12:36  Command Center  
  58  12:48  Marine  
  45  12:52  Marine  
  45  12:55  Marine  
  46  12:59  Marine  
  35  13:22  Marine  
  17  13:39  Marauder, Marine, SCV  
  21  13:51  SCV  
Tags
 
Composition
Bio TankMMM Bio
League
Gold
Matchup
TvT
Race
Terran
Add a new tag
Caveats
  • Supply blocks, unpowered buildings, or Contaminate may cause inaccurate times.
  • Supply counts are checked every 10 seconds.